 Dungeon Crawl Stone Soup version 0.16.2-12-gd0ad4c3 (webtiles) character file.

103525 CrazyArbalest the Sharpshooter (level 15, -2/138 HPs)
             Began as a Minotaur Hunter on Oct 30, 2015.
             Was the Champion of Okawaru.
             Killed from afar by a raiju (9 damage)
             ... with a living lightning
             ... on level 1 of the Abyss on Oct 31, 2015.
             The game lasted 04:29:04 (33502 turns).

CrazyArbalest the Sharpshooter (Minotaur Hunter)   Turns: 33502, Time: 04:29:04

Health: -2/138     AC: 23    Str: 24    XL:     15   Next: 89%
Magic:  10/10      EV:  2    Int: 14    God:    Okawaru [******]
Gold:   2248       SH:  0    Dex: 15    Spells: 0 memorised, 14 levels left

rFire  . . .     SeeInvis .     H - +2 great mace (holy)
rCold  . . .     Clarity  .     G - +4 steam dragon armour of Responsibility {rPois MR- Stlth+}
rNeg   + + +     SustAb   .     (no shield)
rPois  ∞         Gourm    .     A - +2 hat {MR+}
rElec  .         Spirit   .     T - +2 cloak {+Inv}
rCorr  .         Warding  .     O - +1 pair of gloves {Dex+3}
rMut   .         Stasis   .     y - +2 pair of boots {run}
MR     +....                    U - amulet of regeneration
Stlth  ++........               I - ring "Xyrufacvau" {Str+2 Int+6}
                                S - ring of stealth

@: about to teleport, petrified, glowing, quick, somewhat resistant to hostile
enchantments, unstealthy
A: retaliatory headbutt, horns 2, blink 1
a: Blink, Heroism, Finesse, Renounce Religion, Evoke Invisibility


You were on level 1 of the Abyss.
You worshipped Okawaru.
Okawaru was exalted by your worship.
You were hungry.

You visited 4 branches of the dungeon, and saw 28 of its levels.
You visited the Abyss 1 time.
You also visited: Volcano.

You collected 3078 gold pieces.
You spent 830 gold pieces at shops.

Inventory:

Hand weapons
 a - a +1 great mace of flaming
 b - the +5 arbalest of the Orb {flame, rF- Str+6 Dex+2}
   (Okawaru gifted it to you on level 13 of the Dungeon)

   It causes projectiles fired from it to burn those they strike, causing extra
   injury to most foes and up to half again as much damage against particularly
   susceptible opponents.
   It affects your strength (+6).
   It affects your dexterity (+2).
   It makes you vulnerable to fire.
 q - a +2 triple crossbow of flaming
 H - a +2 great mace of holy wrath (weapon)
Missiles
 c - 554 bolts
 l - 29 bolts of penetration
 m - 86 bolts of flame
 o - 52 bolts of frost
 p - 16 silver bolts
Armour
 f - the cursed -1 robe of the Jackalope {MR+ Str-4 Dex+7, unknown}
   (You found it on level 1 of the Abyss)

   It affects your strength (-4).
   It affects your dexterity (+7).
   It affects your resistance to hostile enchantments.
   It has a curse placed upon it.
 y - a +2 pair of boots of running (worn)
 A - a +2 hat of magic resistance (worn)
 G - the +4 steam dragon armour of Responsibility (worn) {rPois MR- Stlth+}
   (Okawaru gifted it to you on level 8 of the Lair of Beasts)

   It protects you from poison.
   It affects your resistance to hostile enchantments.
   It makes you more stealthy.
 L - a +1 plate armour of cold resistance
 O - a +1 pair of gloves of dexterity (worn)
 T - a +2 cloak of invisibility (worn)
Jewellery
 k - a +3 ring of evasion
 r - an uncursed ring of protection from fire
 I - the ring "Xyrufacvau" (right hand) {Str+2 Int+6}
   (You found it on level 15 of the Dungeon)

   [ring of strength]

   It affects your strength (+2).
   It affects your intelligence (+6).
 J - an uncursed ring of protection from cold
 S - a ring of stealth (left hand)
 U - an amulet of regeneration (around neck)
Magical devices
 E - a wand of teleportation (3)
Scrolls
 d - 6 scrolls of blinking
 e - a scroll of enchant armour
 g - 11 scrolls of teleportation
 h - 3 scrolls of magic mapping
 i - 3 scrolls of remove curse
 n - 2 scrolls of identify
 K - 4 scrolls of fear
 N - 6 scrolls of fog
Potions
 s - 2 potions of flight
 u - 6 potions of curing
 C - 11 potions of heal wounds
 V - 7 potions of haste
Comestibles
 j - 10 bread rations
 t - a meat ration


   Skills:
 + Level 14.1 Fighting
 + Level 15.4 Maces & Flails
   Level 2.0 Polearms
 * Level 15.7 Crossbows
 + Level 12.3 Armour
 + Level 14.0 Dodging
 + Level 4.6 Stealth
 + Level 2.1 Invocations


You had 14 spell levels left.
You didn't know any spells.

Dungeon Overview and Level Annotations

Branches:
Dungeon (15/15)            Temple (1/1) D:6            Lair (8/8) D:9
  Swamp (0/5) Lair:5        Snake (0/5) Lair:3        Slime (0/6) Lair:7
    Orc (4/4) D:9             Elf (0/3) Orc:3        Vaults (0/5) D:13
 Depths (0/5) D:15

Altars:
Ashenzari
Cheibriados
Dithmenos
Elyvilon
Fedhas
Gozag
Kikubaaqudgha
Makhleb
Nemelex Xobeh
Okawaru
Qazlal
Ru
Sif Muna
Trog
Vehumet
Xom
Yredelemnul
Zin
The Shining One
Beogh

Shops:
D:8 [   Orc:1 *   Orc:4 ?[(=:

Annotations:
D:10 Sonja
D:14 exclusion: Roxanne, Roxanne


Innate Abilities, Weirdness & Mutations

You reflexively headbutt those who attack you in melee.
You have a pair of horns on your head.
You can translocate small distances at will.


Message History

The Hell Sentinel completely resists.
Helpless, you fail to dodge the living lightning.
The living lightning hits you!
* * * LOW HITPOINT WARNING * * *
The raiju blinks! x2
The raiju bursts into living lightning!
The living lightning hits the Hell Sentinel.
The Hell Sentinel completely resists.
The living lightning hits you!
* * * LOW HITPOINT WARNING * * *
The living lightning hits you!
The raiju blinks!
The raiju blinks!
The Hell Sentinel hits you but does no damage. x2
The Hell Sentinel hits you.
* * * LOW HITPOINT WARNING * * *
The Hell Sentinel hits you but does no damage.
The raiju bursts into living lightning!
The living lightning hits the raiju.
The raiju completely resists.
The living lightning hits the Hell Sentinel.
The Hell Sentinel completely resists.
Helpless, you fail to dodge the living lightning.
You die...

X...
........###.
#.. . X. ..
......
#....XX.......
.... # #..
X.....#. .# .
#.##X##.1..
..#. . #.
#....... ##
#.# # . .
#............
... . .
....... ####.
. . . #
.t...§##@#.
...#
#......tXh1##
....#
#.#####+#Xh§#
# .# #. #.h.#
. . ......#..
. ...#.### .
#.#.#'# # ..
..... . ..
§.....#


You could see 2 starcursed masses, a Hell Sentinel, an apocalypse crab and 3
raiju.

Vanquished Creatures
  2 tentacled starspawn (Abyss:1)
  An orc warlord (Orc:3)
  Gastronok (Orc:1)
  An ettin (D:15)
  Snorg (Lair:7)
  A vault guard (D:13)
  Josephine (Orc:3)
  A rakshasa (D:14)
  8 hydras
  3 tengu warriors
  7 death yaks (Lair:8)
  6 centaur warriors
  A thrashing horror (Abyss:1)
  Nergalle (Lair:1)
  An ice devil (Abyss:1)
  A fire crab (Lair:7)
  2 unseen horrors
  2 wizards (D:13)
  A deep troll (D:15)
  A wolf spider zombie (D:15)
  7 hill giants
  A necromancer (D:13)
  A cyclops (D:11)
  An orc knight (D:15)
  17 ugly things
  5 elephants (Lair:8)
  2 griffons (D:14)
  A centaur zombie (D:14)
  Maurice (D:12)
  4 black mambas
  A torpor snail (Lair:5)
  15 spiny frogs
  An efreet (D:14)
  Psyche (D:8)
  6 yaktaurs (D:15)
  4 gargoyles
  An orange demon (Abyss:1)
  5 komodo dragons
  3 wandering mushrooms (D:9)
  2 tengu conjurers (D:15)
  A queen bee (D:8)
  11 polar bears
  A fire drake (Lair:8)
  4 two-headed ogres
  Prince Ribbit (Orc:1)
  5 trolls
  A freezing wraith (D:14)
  9 ravens
  A boulder beetle (Lair:6)
  9 slime creatures
  11 spriggans (Lair:8)
  A ynoxinul (Abyss:1)
  6 wraiths
  7 redbacks (Lair:8)
  A hog (Volcano)
  A shadow (D:15)
  30 yaks
  2 fire bats
  5 deep elf magi
  2 hungry ghosts
  A deep elf fighter (Volcano)
  9 hippogriffs
  2 vampire mosquitoes (D:14)
  A steam dragon (D:14)
  A neqoxec (Abyss:1)
  5 wargs
  20 humans (D:13)
  2 mottled dragons
  27 wolves
  2 large abominations (Abyss:1)
  The ghost of Arcadio the Conjurer, an average OpCj (D:3)
  A hell hound (Volcano)
  45 orc warriors
  8 water moccasins
  2 necrophages
  10 porcupines
  5 wasps
  6 black bears
  4 ice beasts
  An eye of draining (D:12)
  6 ogres
  5 sky beasts
  34 centaurs
  Sigmund (D:6)
  Duvessa (D:8)
  17 giant frogs
  5 big kobolds
  A brain worm (D:8)
  15 crocodiles
  2 small abominations (Abyss:1)
  2 wyvern zombies
  A gnoll sergeant (D:7)
  A scorpion (D:13)
  21 killer bees
  2 vampire bats (D:8)
  8 wights
  3 electric eels
  Dowan (D:8)
  A goliath beetle (D:5)
  An iron imp (Abyss:1)
  10 hounds
  2 quasits
  2 jellies (D:11)
  27 orc priests
  5 centaur skeletons
  7 crimson imps
  A gnoll shaman (D:8)
  7 iguanas
  A giant frog skeleton (D:9)
  30 orc wizards
  11 worker ants
  19 sheep
  A hound skeleton (D:11)
  A mummy (D:14)
  33 adders
  53 river rats
  14 gnolls
  A white imp (Abyss:1)
  5 shadow imps
  2 giant mites
  8 worms
  2 ufetubi (Abyss:1)
  An adder skeleton (D:8)
  4 adder zombies
  9 giant geckos
  166 orcs
  2 ball pythons
  2 bat skeletons
  5 bat zombies (D:8)
  7 giant cockroaches
  24 hobgoblins
  10 quokkas
  12 bats
  A giant cockroach zombie (D:5)
  A giant gecko skeleton (D:4)
  A giant gecko zombie (D:9)
  5 giant newts
  2 giant spores (D:8)
  20 goblins
  8 jackals
  A jackal zombie (D:6)
  49 kobolds
  16 rats
  6 ballistomycetes (D:8)
  A butterfly (Lair:8)
  3 fungi
  11 plants
  A starspawn tentacle (Abyss:1)
1122 creatures vanquished.

Vanquished Creatures (others)
  A raven (D:15)
  A boulder beetle (Lair:6)
  A yak (D:10)
  An orc priest (D:8)
  A worker ant (D:6)
  A giant spore (D:8)
  17 fungi
  15 plants
  10 starspawn tentacles (Abyss:1)
48 creatures vanquished.

Grand Total: 1170 creatures vanquished

Notes
Turn   | Place    | Note
--------------------------------------------------------------
     0 | D:1      | CrazyArbalest, the Minotaur Hunter, began the quest for the Orb.
     0 | D:1      | Reached XP level 1. HP: 18/18 MP: 1/1
   264 | D:1      | Reached XP level 2. HP: 25/25 MP: 1/1
   450 | D:1      | Reached skill level 5 in Crossbows
  1400 | D:2      | Reached skill level 1 in Armour
  1400 | D:2      | Reached XP level 3. HP: 30/30 MP: 2/2
  1902 | D:2      | Reached skill level 1 in Stealth
  2169 | D:2      | Reached XP level 4. HP: 30/37 MP: 2/2
  2825 | D:3      | Reached XP level 5. HP: 24/42 MP: 2/2
  3005 | D:3      | Reached skill level 1 in Maces & Flails
  3244 | D:3      | Noticed Arcadio's ghost (average OpCj)
  3249 | D:3      | Killed Arcadio's ghost
  3249 | D:3      | Reached skill level 6 in Crossbows
  3249 | D:3      | Reached XP level 6. HP: 43/51 MP: 3/3
  4598 | D:5      | Entered Level 5 of the Dungeon
  4689 | D:5      | Found an iron altar of Okawaru.
  4739 | D:5      | Became a worshipper of Warmaster Okawaru
  4806 | D:5      | Found a glowing drain.
  4811 | D:5      | Reached skill level 1 in Polearms
  4811 | D:5      | Reached XP level 7. HP: 33/58 MP: 3/3
  5067 | D:5      | Acquired Okawaru's first power
  5525 | D:6      | Found a snail-covered altar of Cheibriados.
  5714 | D:6      | Found a shimmering altar of Xom.
  5855 | D:6      | Reached skill level 5 in Fighting
  5855 | D:6      | Reached skill level 5 in Armour
  5855 | D:6      | Reached XP level 8. HP: 53/68 MP: 3/3
  5886 | D:6      | Reached skill level 5 in Dodging
  5915 | D:6      | Reached skill level 7 in Crossbows
  6012 | D:6      | Found a staircase to the Ecumenical Temple.
  6076 | D:6      | Noticed Sigmund
  6103 | D:6      | Killed Sigmund
  6988 | D:7      | Reached skill level 8 in Crossbows
  6988 | D:7      | Reached XP level 9. HP: 19/77 MP: 4/4
  7259 | D:7      | Found a bloodstained altar of Trog.
  8017 | D:8      | Found a blossoming altar of Fedhas.
  8059 | D:8      | Reached skill level 9 in Crossbows
  8345 | D:8      | Found Paphegie's Armour Shoppe.
  8389 | D:8      | Received a gift from Okawaru
  8463 | D:8      | Noticed Duvessa
  8463 | D:8      | Noticed Dowan
  8469 | D:8      | Killed Duvessa
  8478 | D:8      | Killed Dowan
  8508 | D:8      | Noticed Psyche
  8520 | D:8      | Killed Psyche
  8520 | D:8      | Reached skill level 5 in Maces & Flails
  8526 | D:8      | Found an ancient bone altar of Kikubaaqudgha.
  8626 | D:8      | Found a glowing golden altar of the Shining One.
  8820 | D:8      | Received a gift from Okawaru
  8820 | D:8      | Reached XP level 10. HP: 67/88 MP: 2/4
  8899 | D:8      | Received a gift from Okawaru
  9115 | Temple   | Entered the Ecumenical Temple
  9376 | D:9      | Reached skill level 10 in Crossbows
  9558 | D:9      | Found a staircase to the Lair.
  9754 | D:9      | Found a staircase to the Orcish Mines.
  9785 | D:9      | Received a gift from Okawaru
 10445 | D:10     | Entered Level 10 of the Dungeon
 10630 | D:10     | Identified a +2 pair of boots of running (You found it on level 10 of the Dungeon)
 10674 | D:10     | Noticed a hill giant
 10807 | D:10     | Killed a hill giant
 10962 | D:10     | Acquired Okawaru's second power
 10962 | D:10     | Reached XP level 11. HP: 95/95 MP: 4/4
 11406 | D:11     | Reached skill level 11 in Crossbows
 11443 | D:11     | Reached skill level 10 in Armour
 12260 | D:12     | Reached skill level 1 in Invocations
 12278 | D:12     | Noticed a centaur warrior
 12309 | D:12     | Killed a centaur warrior
 12309 | D:12     | Received a gift from Okawaru
 12387 | D:12     | Found an opulent altar of Gozag.
 12411 | D:12     | Noticed Maurice
 12432 | D:12     | Killed Maurice
 12500 | D:12     | Noticed a hill giant
 12525 | D:12     | Killed a hill giant
 12599 | D:12     | Noticed a hill giant
 12602 | D:12     | Killed a hill giant
 12602 | D:12     | Received a gift from Okawaru
 12608 | D:12     | Noticed a centaur warrior
 12622 | D:12     | Killed a centaur warrior
 12810 | D:12     | Noticed a hill giant
 12849 | D:12     | Killed a hill giant
 12860 | D:12     | Received a gift from Okawaru
 12863 | D:12     | Reached XP level 12. HP: 101/106 MP: 8/8
 12869 | D:12     | Reached skill level 10 in Fighting
 12990 | D:12     | Received a gift from Okawaru
 13473 | Lair:1   | Entered Level 1 of the Lair of Beasts
 13617 | Lair:1   | Noticed Nergalle
 13626 | Lair:1   | Killed Nergalle
 14157 | Lair:1   | Reached skill level 12 in Crossbows
 14470 | Lair:2   | Reached skill level 10 in Maces & Flails
 14655 | Lair:2   | Noticed a seven-headed hydra
 14674 | Lair:2   | Killed a seven-headed hydra
 15213 | Lair:3   | Found a staircase to the Snake Pit.
 15226 | Lair:3   | Identified the Grimoire of Attacks
 15432 | Lair:2   | Got a faintly glowing quarterstaff
 15645 | Lair:3   | Noticed a six-headed hydra
 15679 | Lair:3   | Killed a six-headed hydra
 16914 | Lair:4   | Found a blossoming altar of Fedhas.
 16930 | Lair:4   | Noticed a six-headed hydra
 16952 | Lair:4   | Killed a six-headed hydra
 16952 | Lair:4   | Reached skill level 10 in Dodging
 18020 | Lair:5   | Found a dark tunnel.
 18035 | Volcano  | Entered a volcano
 18074 | Volcano  | Received a gift from Okawaru
 18385 | Lair:5   | Reached XP level 13. HP: 115/115 MP: 9/9
 18613 | Lair:5   | Reached skill level 13 in Crossbows
 18646 | Lair:5   | Found a staircase to the Swamp.
 20641 | Lair:7   | Received a gift from Okawaru
 20719 | Lair:7   | Found a staircase to the Slime Pits.
 21149 | Lair:7   | Noticed Snorg
 21225 | Lair:7   | Killed Snorg
 21464 | Lair:8   | Entered Level 8 of the Lair of Beasts
 21626 | Lair:8   | Received a gift from Okawaru
 21634 | Lair:8   | Received a gift from Okawaru
 21672 | Lair:8   | Found a glowing golden altar of the Shining One.
 21759 | Lair:8   | Received a gift from Okawaru
 21768 | Lair:8   | Got a jewelled steam dragon armour {god gift}
 21779 | Lair:8   | Identified the +4 steam dragon armour of Responsibility {rPois MR- Stlth+} (Okawaru gifted it to you on level 8 of the Lair of Beasts)
 22465 | Lair:8   | Reached XP level 14. HP: 109/126 MP: 9/9
 22765 | Lair:8   | Reached skill level 14 in Crossbows
 23084 | Lair:8   | Received a gift from Okawaru
 23833 | D:13     | Received a gift from Okawaru
 23932 | D:13     | Got a spiked large shield
 24000 | D:13     | Found a burning altar of Makhleb.
 24556 | D:13     | Received a gift from Okawaru
 24557 | D:13     | Got a shimmering arbalest {god gift}
 24639 | D:13     | Found a gate to the Vaults.
 24655 | D:13     | Paralysed by a human for 3 turns
 24668 | D:13     | Paralysed by a human for 5 turns
 24679 | D:13     | Paralysed by a human for 4 turns
 24979 | Lair:1   | Identified a scroll of acquirement
 25032 | Lair:1   | Identified the +5 arbalest of the Orb {flame, rF- Str+6 Dex+2} (Okawaru gifted it to you on level 13 of the Dungeon)
 25383 | D:14     | Got a fine scale mail
 25428 | D:14     | Noticed Roxanne
 25616 | D:14     | Received a gift from Okawaru
 25652 | D:14     | Found an iron altar of Okawaru.
 26108 | D:14     | Received a gift from Okawaru
 26108 | D:14     | Reached XP level 15. HP: 118/136 MP: 10/10
 26255 | D:15     | Entered Level 15 of the Dungeon
 26676 | D:15     | Found a staircase to the Depths.
 26796 | D:15     | Got a translucent silver ring
 26827 | D:15     | Identified the +0 scale mail "Xeohakor" {Str-5 Int+4 Slay+5} (You found it on level 14 of the Dungeon)
 26838 | D:15     | Identified the ring "Xyrufacvau" {Str+2 Int+6} (You found it on level 15 of the Dungeon)
 27152 | D:15     | Received a gift from Okawaru
 27346 | D:15     | Reached skill level 15 in Crossbows
 28254 | Orc:1    | Entered Level 1 of the Orcish Mines
 28323 | Orc:1    | Found Vanalon's Assorted Antiques.
 28331 | Orc:1    | Bought a potion of curing for 81 gold pieces
 28331 | Orc:1    | Bought a potion of curing for 81 gold pieces
 28342 | Orc:1    | Reached skill level 15 in Maces & Flails
 28919 | Orc:1    | Noticed Gastronok
 28930 | Orc:1    | Killed Gastronok
 29019 | Orc:1    | Noticed Prince Ribbit
 29026 | Orc:1    | Killed Prince Ribbit
 29581 | Orc:3    | Found a staircase to the Elven Halls.
 29657 | Orc:3    | Found a roughly hewn altar of Beogh.
 29970 | Orc:3    | Noticed Josephine
 29987 | Orc:3    | Killed Josephine
 30315 | Orc:4    | Entered Level 4 of the Orcish Mines
 30607 | Orc:4    | Found Frin's Book Shoppe.
 31040 | Orc:4    | Found Stroebaecve's Antique Armour Emporium.
 31040 | Orc:4    | Found Clocsoa's Weapon Shop.
 31044 | Orc:4    | Found Criah's Magic Scroll Shoppe.
 31046 | Orc:4    | Found Eckuof's Jewellery Boutique.
 31072 | Orc:4    | Received a gift from Okawaru
 31376 | Orc:4    | Bought a scroll of identify for 28 gold pieces
 31376 | Orc:4    | Bought a scroll of identify for 28 gold pieces
 31376 | Orc:4    | Bought a scroll of identify for 28 gold pieces
 31376 | Orc:4    | Bought a scroll of identify for 28 gold pieces
 31379 | Orc:4    | Bought a pair of runed gloves for 112 gold pieces
 31813 | Orc:4    | Bought a scroll of fear for 49 gold pieces
 31813 | Orc:4    | Bought a scroll of fear for 49 gold pieces
 31813 | Orc:4    | Bought a scroll of noise for 14 gold pieces
 31820 | Orc:4    | Bought a cursed amulet of inaccuracy for 22 gold pieces
 32024 | Orc:1    | Bought a pair of smoking boots for 256 gold pieces
 32026 | Orc:1    | Bought a scroll of fog for 54 gold pieces
 32048 | Orc:2    | Identified the +0 pair of boots of Dawn {rF+ Int+3 Dex-4 SInv} (You bought it in a shop on level 1 of the Orcish Mines)
 32333 | Lair:1   | Gained mutation: You can translocate small distances at will. [potion of beneficial mutation]
 32838 | D:10     | Noticed Sonja
 32863 | D:10     | Cast into the Abyss (Sonja)
 32870 | Abyss:1  | Found a corrupted altar of Lugonu.
 32918 | Abyss:1  | Noticed a tentacled starspawn
 32944 | Abyss:1  | Killed a tentacled starspawn
 32971 | Abyss:1  | Noticed a tentacled starspawn
 32982 | Abyss:1  | Killed a tentacled starspawn
 32995 | Abyss:1  | Found a corrupted altar of Lugonu.
 33039 | Abyss:1  | Noticed a bone dragon
 33202 | Abyss:1  | Got a sheer robe
 33231 | Abyss:1  | Found an opulent altar of Gozag.
 33406 | Abyss:1  | Noticed a tentacled starspawn
 33469 | Abyss:1  | Noticed a Hell Sentinel
 33494 | Abyss:1  | Paralysed by you for 6 turns
 33502 | Abyss:1  | Killed from afar by a raiju

Action                   |  1- 3 |  4- 6 |  7- 9 | 10-12 | 13-15 || total
-------------------------+-------+-------+-------+-------+-------++-------
Melee: Short sword       |    31 |       |       |       |       ||    31
       Mace              |    46 |    64 |       |       |       ||   110
       Club              |     9 |       |       |       |       ||     9
       Lance             |       |    92 |   122 |       |       ||   214
       Flail             |       |    22 |     4 |       |       ||    26
       Whip              |       |       |   400 |   999 |    98 ||  1497
       Great mace        |       |       |       |       |  1380 ||  1380
 Fire: Hand crossbow     |    23 |    12 |    34 |    19 |       ||    88
       Arbalest          |       |       |       |    81 |   147 ||   228
Invok: Heroism           |       |       |     1 |     6 |     2 ||     9
 Abil: Evoke Invisibilit |       |       |       |     1 |       ||     1
Evoke: Wand              |       |       |       |     1 |       ||     1
  Use: Scroll            |       |     1 |     6 |     9 |    20 ||    36
       Potion            |       |     2 |       |     4 |     2 ||     8
 Stab: Sleeping          |       |       |       |     1 |    11 ||    12
       Distracted        |       |       |       |       |     4 ||     4
       Confused          |       |       |       |       |     1 ||     1
  Eat: Chunk             |     4 |     8 |    14 |    33 |    47 ||   106
       Fruit             |       |       |       |     1 |       ||     1
       Bread ration      |       |       |       |       |     1 ||     1
